 Dungeon Crawl Stone Soup version 0.32-a0-918-g0f22ef8d61 (webtiles) character file.

Game seed: 15185618211930076865

83 Battleaxe07 the Slasher (level 4, -3/38 HPs)
             Began as a Minotaur Gladiator on Apr 10, 2024.
             Killed from afar by an orc wizard (9 damage)
             ... with a magic dart
             ... on level 3 of the Dungeon on Apr 11, 2024.
             The game lasted 00:04:57 (1175 turns).

Battleaxe07 the Slasher (Minotaur Gladiator)        Turns: 1175, Time: 00:04:58

Health: -3/38      AC:  3    Str: 20    XL:     4   Next: 22%
Magic:  3/3        EV: 12    Int:  5    God:
Gold:   93         SH:  0    Dex: 12    Spells: 3/3 levels left

rFire   . . .        a - +0 long sword
rCold   . . .        (no shield)
rNeg    . . .        b - +0 leather armour
rPois   .            c - +0 hat
rElec   .            (no cloak)
rCorr   +            (no gloves)
SInv    .            (no boots)
Will    .....        (no amulet)
Stlth   +            k - ring of resist corrosion
HPRegen 0.26/turn    (no ring)
MPRegen 0.08/turn

%: no passive effects
@: confused
A: horns 2, retaliatory headbutt
a: no special abilities


You were on level 3 of the Dungeon.
You visited 1 branch of the dungeon, and saw 3 of its levels.

You collected 93 gold pieces.

Inventory:

Hand Weapons
 a - a +0 long sword (weapon)
Missiles
 d - 3 throwing nets (quivered)
 e - a javelin
Armour
 b - a +0 leather armour (worn)
 c - a +0 hat (worn)
Jewellery
 k - a ring of resist corrosion (left hand)
Scrolls
 g - a scroll of butterflies {unknown}
 j - a scroll of blinking {unknown}
Potions
 f - a potion of berserk rage {unknown}
 h - a potion of degeneration {unknown}
 i - a potion of enlightenment {unknown}


   Skills:
 + Level 3.1 Fighting
 + Level 4.7 Long Blades
 + Level 2.2 Throwing
 + Level 1.3 Armour
 + Level 4.0 Dodging


You had 3 spell levels left.
You didn't know any spells.
Your spell library was empty.

Dungeon Overview and Level Annotations

Branches:
Dungeon (3/15)

Altars:


Innate Abilities, Weirdness & Mutations

You have a pair of horns on your head.
You reflexively headbutt those who attack you in melee.


Message History

The orc wizard casts a spell at you.
You hear some strange, mumbled words.
A magic dart appears from out of thin air!
The magic dart hits you.
You slash the orc!
You kill the orc!
Something hits you.
You slash something! Something hits you but does no damage.
The orc wizard hits you with a +0 dagger.
You hit something but do no damage. Something hits you but does no damage.
The orc wizard points at you and mumbles some strange words.
You resist with some effort.
The orc wizard gestures at you while chanting.
The puff of flame hits you! Something hits you but does no damage.
Things that are here:
a +0 short sword; a +0 leather armour You hit the orc wizard.
Your headbutt misses the orc wizard.
The orc wizard is lightly wounded.
Something hits you.
The orc wizard hits you with a +0 dagger.
You hear some strange, mumbled words.
You are confused.
The orc wizard hits you but does no damage.
You miss something. Your headbutt misses something.
Something hits you but does no damage. The orc wizard misses you.
You bump into the rock wall.
Something hits you.
* * * LOW HITPOINT WARNING * * *
The orc wizard hits you but does no damage.
You closely miss the orc wizard. Your headbutt misses the orc wizard.
The orc wizard is lightly wounded.
The orc wizard gestures at you while chanting.
You resist with some effort. Something hits you.
* * * LOW HITPOINT WARNING * * *
You hit something. Your headbutt misses something.
Something completely misses you. The orc wizard closely misses you.
You bump into the rock wall.
You hear some strange, mumbled words.
A magic dart appears from out of thin air!
The magic dart hits you!
You die...

#. .# ### . .. ..#
.## .# #.# ..#
.#### #.# #.#
....######.# #)#
...........#####.#
.##.....>..†....@#
......####.####{o#
.####.# #.# #..#
.####.# #.# #..#
......# #.# #.?#
.###..# #.# #..#
.# #..# #.# #...
....... ..# #...
####..#


You could see an orc wizard.

Vanquished Creatures
  3 adders (D:2)
  2 dart slugs
  2 ribbon worms (D:2)
  An orc (D:3)
  4 endoplasms
  2 giant cockroaches (D:1)
  2 goblins
  4 hobgoblins
  4 jackals
  4 quokkas
  4 ball pythons
  3 bats (D:1)
  A frilled lizard (D:3)
  6 kobolds
  3 rats
45 creatures vanquished.

Notes
Turn   | Place    | Note
-------+----------+-------------------------------------------
     0 | D:1      | Battleaxe07 the Minotaur Gladiator began the quest for the
                  | Orb.
     0 | D:1      | Reached XP level 1. HP: 18/18 MP: 0/0
   163 | D:1      | Reached XP level 2. HP: 23/25 MP: 1/1
   601 | D:2      | Reached XP level 3. HP: 28/30 MP: 2/2
  1043 | D:3      | Reached XP level 4. HP: 36/38 MP: 3/3
  1052 | D:3      | Reached skill level 1 in Armour
  1175 | D:3      | Killed from afar by an orc wizard

Illustrated notes

Levels and vault maps discovered:
D:1:      mainiacjoe_arrival_oval_in_oval, layout_loops_corners,
          hellmonk_ecumenical_altar_inner_sanctum, kennysheep_decorative_pillar
D:2:      layout_basic, basic_altar
D:3:      wad_pebble_path, layout_loops_ring, zin_treasury,
          mainiacjoe_overflow_chevrons, serial_shops, shop,
          nicolae_underground_beach

Skill      XL: |  1  2  3  4 |
---------------+-------------+-----
Long Blades    | 4 |  4.7
Fighting       | 3 |  3.1
Armour         | 1 |  1.3
Dodging        | 4 |  4.0
Throwing       | |  2.2

Action                     |  1- 3 |  4- 6 || total
---------------------------+-------+-------++-------
  Melee: Long sword        |    55 |    32 ||    87
         Headbutt          |     8 |     5 ||    13
    Use: Potion            |     1 |       ||     1
 Armour: Leather armour    |    51 |    33 ||    84
  Dodge: Dodged            |    55 |    18 ||    73

Table legend: (Time is in decaauts)
 A = Elapsed time spent in this place.
 B = Non-inter-level travel time spent in this place.
 C = Inter-level travel time spent in this place.
 D = Time resting spent in this place.
 E = Time spent auto-exploring this place.
 F = Levels seen in this place.
 G = Mean time per level.
                   A        B        C        D        E       F      G
               +--------+--------+--------+--------+--------+-----+--------+
         Total |   1189 |   1189 |      0 |      0 |      0 |   3 |  396.3 |
       Dungeon |   1189 |   1189 |      0 |      0 |      0 |   3 |  396.3 |
               +--------+--------+--------+--------+--------+-----+--------+

Top non-repeatable levels by time:
     D:1: 568 daAuts
     D:2: 465 daAuts
     D:3: 156 daAuts
